 Dungeon Crawl Stone Soup version 0.23.2-33-g5129a83184 (webtiles) character file.

Game seed: 4811345731329915525

325 funkygono the Digger (level 6, -6/35 HPs)
             Began as a Gargoyle Earth Elementalist on July 18, 2019.
             Was an Initiate of Vehumet.
             Mangled by an ice beast (8 damage)
             ... on level 5 of the Dungeon.
             The game lasted 00:09:46 (4033 turns).

funkygono the Digger (Gargoyle Earth Elementalist)  Turns: 4033, Time: 00:09:47

Health: -6/35      AC: 11    Str: 11    XL:     6   Next: 48%
Magic:  3/11       EV: 11    Int: 18    God:    Vehumet [......]
Gold:   221        SH:  0    Dex: 10    Spells: 7/12 levels left

rFire    . . .     SeeInvis +   e - +1 flail (venom)
rCold    . . .     Gourm    .   (no shield)
rNeg     + . .     Faith    .   a - +1 leather armour
rPois    ∞         Spirit   .   (no helmet)
rElec    +         Reflect  .   (no cloak)
rCorr    .         Harm     .   (no gloves)
MR       .....                  (no boots)
Stlth    ++........             (no amulet)
HPRegen  0.11/turn              h - ring of see invisible
MPRegen  0.12/turn              l - +3 ring of protection (curse)

@: no status effects
A: negative energy resistance 1, electricity resistance, unbreathing,
petrification resistance, rot immunity, AC +4
a: Renounce Religion


You were on level 5 of the Dungeon.
You worshipped Vehumet.
Vehumet was noncommittal.
You were hungry.

You visited 2 branches of the dungeon, and saw 6 of its levels.

You collected 221 gold pieces.

Inventory:

Hand Weapons
 e - a +1 flail of venom (weapon)
Missiles
 b - 69 stones (quivered)
Armour
 a - a +1 leather armour (worn)
 c - a +0 robe
Jewellery
 h - a ring of see invisible (left hand)
 j - a +2 ring of dexterity
 l - a cursed +3 ring of protection (right hand)
Scrolls
 f - 2 scrolls of magic mapping
 p - a scroll of remove curse
Potions
 g - a potion of haste
 i - 2 potions of might
 k - a potion of lignification
 m - a potion of resistance {unknown}
 n - a potion of ambrosia {unknown}
 o - a potion of agility
Comestibles
 d - 6 rations


   Skills:
 * Level 2.2 Fighting
 * Level 2.0 Maces & Flails
 + Level 1.4 Armour
 + Level 1.9 Dodging
 + Level 2.7 Stealth
 * Level 3.8 Spellcasting
 * Level 1.6 Conjurations
   Level 0.7 Transmutations
 + Level 4.6 Earth Magic


You had 7 spell levels left.
You knew the following spells:

 Your Spells              Type           Power        Failure   Level  Hunger
a - Sandblast             Erth           ###...       3%          1    None
b - Stone Arrow           Conj/Erth      ##....       16%         3    ###....
c - Magic Dart            Conj           #...         10%         1    None

Your spell library contained the following spells:

 Spells                   Type           Power        Failure   Level  Hunger
 Passwall                 Tmut/Erth      ##......     10%         2    ##.....
 Blink                    Tloc           N/A          30%         2    ##.....
 Call Imp                 Summ           #.......     30%         2    ##.....
 Slow                     Hex            #.......     30%         2    ##.....
 Conjure Flame            Conj/Fire      #.......     38%         3    ###....
 Mephitic Cloud           Conj/Pois/Air  #.......     43%         3    ###....
 Petrify                  Tmut/Erth      ##......     54%         4    ####...
 Lee's Rapid Deconstruct  Erth           ###.......   63%         5    ######.


Dungeon Overview and Level Annotations

Branches:
Dungeon (5/15)             Temple (1/1) D:4

Altars:
Ashenzari
Cheibriados
Dithmenos
Elyvilon
Fedhas
Gozag
Hepliaklqana
Kikubaaqudgha
Makhleb
Nemelex Xobeh
Okawaru
Qazlal
Ru
Sif Muna
Trog
Uskayaw
Vehumet
Wu Jian
Xom
Yredelemnul
Zin
The Shining One


Innate Abilities, Weirdness & Mutations

You are resistant to torment.
Your stone body is resilient. (AC +4)
You are immune to poison.
You resist negative energy. (rN+)
You are resistant to electric shocks. (rElec)
You can survive without breathing.
You are immune to petrification.
You are immune to rotting.


Message History

b - 70 stones
Casting: Sandblast (safe; 3% risk of failure)
Confirm with . or Enter, or press ? or * to list all spells.
Aiming: Sandblast (safe; 3% risk of failure)
Press: ? - help, Shift-Dir - straight line, f/p - ice beast
Aim: an ice beast (heavily wounded)
The blast of sand hits the ice beast.
The ice beast is severely wounded.
b - 69 stones The ice beast hits you.
The ice beast freezes you!
You closely miss the ice beast.
The ice beast is severely wounded.
The ice beast hits you. The ice beast freezes you!
* * * LOW HITPOINT WARNING * * *
You hit the ice beast.
The ice beast is severely wounded.
The ice beast hits you.
* * * LOW HITPOINT WARNING * * *
The ice beast freezes you!
You die...

#.# #..# ##..#####
##....>...
#......[..
########.........
#......<........s
###.##.............
.......<@Y...$.[...
######.####.......!
#. ......... #.
##........ ..
#...<...? .#
######### .# .


You could see an ice beast.

Vanquished Creatures
  An ogre (D:4)
  An orc priest (D:3)
  Jessica (D:3)
  An iguana (D:4)
  Terence (D:3)
  A worker ant (D:4)
  3 adders
  An ooze (D:4)
  3 worms
  A dart slug (D:3)
  3 leopard geckos
  5 orcs
  A ball python (D:1)
  5 giant cockroaches
  8 goblins
  4 hobgoblins
  2 jackals (D:4)
  A quokka (D:2)
  4 bats
  3 frilled lizards
  11 kobolds
  A quokka skeleton (D:4)
  6 rats
68 creatures vanquished.

Notes
Turn   | Place    | Note
-------+----------+-------------------------------------------
     0 | D:1      | funkygono the Gargoyle Earth Elementalist began the quest
                  | for the Orb.
     0 | D:1      | Reached XP level 1. HP: 10/10 MP: 3/3
   266 | D:1      | Reached skill level 4 in Earth Magic
   266 | D:1      | Reached XP level 2. HP: 15/15 MP: 3/5
   904 | D:2      | Reached XP level 3. HP: 19/19 MP: 3/6
   947 | D:2      | Reached skill level 1 in Fighting
   954 | D:2      | Learned a level 3 spell: Stone Arrow
   956 | D:2      | Learned a level 1 spell: Magic Dart
  1924 | D:3      | Noticed Jessica
  1927 | D:3      | Killed Jessica
  1927 | D:3      | Reached XP level 4. HP: 25/25 MP: 6/8
  2056 | D:3      | Reached skill level 1 in Conjurations
  2056 | D:3      | Reached XP level 5. HP: 29/29 MP: 1/10
  2149 | D:3      | Found an iron altar of Okawaru.
  2231 | D:3      | Noticed Terence
  2251 | D:3      | Killed Terence
  2251 | D:3      | Reached skill level 1 in Maces & Flails
  2744 | D:3      | Found a snail-covered altar of Cheibriados.
  3021 | D:4      | Found a staircase to the Ecumenical Temple.
  3029 | Temple   | Entered the Ecumenical Temple
  3285 | Temple   | Became a worshipper of Vehumet
  3457 | D:4      | Found a white marble altar of Elyvilon.
  3534 | D:4      | Reached skill level 1 in Armour
  3637 | D:4      | Reached XP level 6. HP: 35/35 MP: 6/11
  4011 | D:5      | Entered Level 5 of the Dungeon
  4022 | D:5      | Noticed an ice beast
  4033 | D:5      | Mangled by an ice beast

Skill      XL: |  1  2  3  4  5  6 |
---------------+-------------------+-----
Earth Magic    | 4 |  4.6
Fighting       | 1 2 |  2.2
Spellcasting   | 3 |  3.8
Conjurations   | 1 |  1.6
Maces & Flails | 1 2 |  2.0
Armour         | 1 |  1.4
Dodging        | |  1.9
Stealth        | |  2.7
Transmutations | |  0.7

Action                   |  1- 3 |  4- 6 || total
-------------------------+-------+-------++-------
Melee: Club              |    61 |     3 ||    64
       Flail             |       |    27 ||    27
       Mace              |       |    25 ||    25
 Cast: Sandblast         |    25 |    18 ||    43
       Stone Arrow       |     7 |    18 ||    25
       Magic Dart        |     2 |     9 ||    11
  Use: Scroll            |     1 |     7 ||     8
 Stab: Sleeping          |     1 |       ||     1
  Eat: Chunk             |     3 |     6 ||     9
       Ration            |     1 |       ||     1
Armor: Leather armour    |    30 |    26 ||    56
Dodge: Dodged            |    44 |    33 ||    77
